 Dungeon Crawl Stone Soup version 0.29-a0-96-g93358da72b (webtiles) character file.

Game seed: 17694139889255045165

5211 drugrobin the Spear-Bearer (level 10, -5/84 (95) HPs)
             Began as a Demigod Warper on Feb 11, 2022.
             Slain by a gargoyle (25 damage)
             ... on level 7 of the Dungeon.
             The game lasted 00:31:08 (11736 turns).

drugrobin the Spear-Bearer (Demigod Warper)        Turns: 11736, Time: 00:31:08

HP:   -5/84 (95)    AC:  4    Str: 20    XL:     10   Next: 13%
MP:   5/5           EV: 12    Int: 15    God:
Gold: 434           SH:  0    Dex: 17    Spells: 7/12 levels left

rFire   + . .      SeeInvis .   a - +11 quarterstaff of the Shining Light {antimagic, Will+}
rCold   . . .      Faith    .   (shield currently unavailable)
rNeg    . . .      Spirit   .   I - +2 robe {rF+}
rPois   .          Reflect  .   (no helmet)
rElec   .          Harm     .   r - scarf {+Inv}
rCorr   .          Rampage  .   (no gloves)
Will    ++...                   (no boots)
Stlth   ++........              u - amulet of Vitality {Regen+ HP+15}
HPRegen 1.04/turn               (no ring)
MPRegen 0.09/turn               (no ring)

@: heavily drained
A: high MP 1, forlorn, divine attributes
a: Evoke Invisibility


You were on level 7 of the Dungeon.
You visited 1 branch of the dungeon, and saw 8 of its levels.

You collected 434 gold pieces.

Inventory:

Hand Weapons
 a - the +11 quarterstaff of the Shining Light (weapon) {antimagic, Will+}
   (You found it on level 7 of the Dungeon)

   It reduces the magical energy of the wielder, and disrupts the spells and
   magical abilities of those it strikes.
   Natural abilities and divine invocations are not affected.
   Will:      It increases your willpower.
 b - a +0 hunting sling
 j - a +0 spear
 m - the +0 hand axe "Kazaph" {vorpal, rC+}
   (You found it on level 2 of the Dungeon)

   It inflicts extra damage upon your enemies.
   rC:        It protects you from cold.
 p - a +2 dagger of venom
 D - a +0 trident
Missiles
 d - 5 boomerangs of dispersal
 i - 30 sling bullets
 l - 220 stones (quivered)
 E - 2 throwing nets
Armour
 n - an orb of guile
 r - a scarf of invisibility (worn)
 I - a +2 robe of fire resistance (worn)
Jewellery
 u - the amulet of Vitality (around neck) {Regen+ HP+15}
   (You found it on level 5 of the Dungeon)

   [amulet of regeneration]

   HP:        It affects your health (+15).
   Regen:     It increases your rate of health regeneration.
 z - a ring of ice
Wands
 t - a wand of paralysis (15)
 x - a wand of iceblast (13)
 F - a wand of polymorph (1)
Scrolls
 f - 4 scrolls of enchant weapon
 g - 2 scrolls of brand weapon {unknown}
 o - 2 scrolls of teleportation
 q - a scroll of magic mapping {unknown}
 y - a scroll of vulnerability {unknown}
 A - a scroll of enchant armour {unknown}
 C - a scroll of fog {unknown}
 G - a scroll of torment {unknown}
 H - a scroll of noise {unknown}
Potions
 k - 2 potions of curing
 s - a potion of heal wounds
 v - 2 potions of brilliance
 w - 3 potions of lignification
 B - 3 potions of flight


   Skills:
 + Level 4.4 Fighting
 + Level 12.9 Polearms
 - Level 0.8 Throwing
 - Level 0.8 Armour
 - Level 1.7 Dodging
 - Level 1.7 Spellcasting
 - Level 2.6 Translocations
 + Level 3.8 Evocations


You had 7 spell levels left.
You knew the following spells:

 Your Spells              Type           Power      Damage    Failure   Level
a - Blink                 Tloc           18%        N/A       12%         2
b - Teleport Other        Tloc           9%         N/A       22%         3

Your spell library contained the following spells:

 Spells                   Type           Power      Damage    Failure   Level
 Gell's Gravitas          Tloc           9%         N/A       22%         3
 Lesser Beckoning         Tloc           9%         N/A       22%         3
 Corpse Rot               Necr/Air       2%         N/A       34%         2
 Poisonous Vapours        Pois/Air       2%         N/A       34%         2
 Manifold Assault         Tloc           9%         N/A       91%         5


Dungeon Overview and Level Annotations

Branches:
Dungeon (8/15)             Temple (0/1) D:4
   Lair: D:8-11

Shops:
D:4 =

Annotations:
D:4 Dowan, Duvessa


Innate Abilities, Weirdness & Mutations

You have an increased reservoir of magic. (+10% MP)
You shall have no god before yourself.
Your divine heritage dramatically boosts your attributes as you level up.


Message History

The water moccasin poisons you!
You bludgeon the water moccasin!!
You kill the water moccasin!
You feel very sick.
You feel sick.
You start resting.
You feel sick. x7
You are no longer poisoned.
HP restored.
Key pressed, stopping explore.
You see here a +0 scale mail.
A gargoyle is nearby!
Search for what [Enter for "shop", or ? for help]? boot Can't find anything matching that.
Okay, then.
You drop a potion of degeneration.
You drop a +4 whip.
The gargoyle hits you with a +0 mace.
You hit the gargoyle but do no damage. You hit the gargoyle but do no damage.
The gargoyle barely misses you.
You hit the gargoyle.
The gargoyle is lightly damaged.
The gargoyle hurls a stone arrow at you.
The stone arrow hits you!
You bludgeon the gargoyle!!
The gargoyle is almost destroyed.
The gargoyle hits you with a +0 mace!
You hit the gargoyle but do no damage.
The gargoyle is almost destroyed.
The gargoyle hits you with a +0 mace!
You hit the gargoyle but do no damage.
The gargoyle is almost destroyed.
The gargoyle hurls a stone arrow at you.
The stone arrow hits you!!
* * * LOW HITPOINT WARNING * * *
Unknown command.
Unknown command.
You hit the gargoyle but do no damage.
The gargoyle is almost destroyed.
The gargoyle hits you with a +0 mace!!
You die...

.###.#.................## #.##
#...##.................# ##.#
#....#................## #.#
#.....#...............# #.#
.#....#...............## #.#
###...#.............#..# #.#
.#.###.#...........###.## #.#
#[....##...........# #..####.##
#......#........@)## ##.......#
#.....#........9### #..########
......#...........####.## #.##
#.....#.............#..# ##..#
.###.#................##
###.###
....##......#.........#####...#
.....#.....###..[.###..##.....#
....#.....## #.... ##.......##
....#....## ##..# ##......#


You could see a gargoyle.

Vanquished Creatures
  Harold (D:7)
  Pikel (D:6)
  A cyclops (D:7)
  A centaur zombie (D:8)
  A wyvern (D:8)
  Edmund (D:6)
  2 water moccasins
  3 orc warriors
  A black bear (D:7)
  An ice beast (D:5)
  A sky beast (D:7)
  2 ogres
  4 wolves
  4 lemures (D:6)
  A centaur (D:7)
  2 phantoms
  3 bullfrogs
  2 scorpions (D:5)
  2 wyvern zombies (D:8)
  5 wights
  A howler monkey (D:6)
  A bullfrog skeleton (D:5)
  A gnoll shaman (D:8)
  5 orc priests
  A hound (D:5)
  4 jellies
  A centaur skeleton (D:7)
  Terence (D:2)
  3 iguanas
  11 orc wizards
  A killer bee zombie (D:8)
  3 gnolls
  A howler monkey skeleton (D:4)
  3 adders
  A shadow imp (D:8)
  2 ufetubi
  3 worms
  3 dart slugs
  21 orcs
  A bat (D:3)
  17 endoplasms
  5 giant cockroaches
  13 goblins
  10 hobgoblins
  7 jackals
  6 quokkas
  6 ball pythons
  4 frilled lizards (D:1)
  16 kobolds
  9 rats
  2 rat zombies (D:5)
202 creatures vanquished.

Vanquished Creatures (others)
  3 fungi (D:2)
  2 plants (D:6)
  12 toadstools (D:2)
17 creatures vanquished.

Grand Total: 219 creatures vanquished

Notes
Turn   | Place    | Note
-------+----------+-------------------------------------------
     0 | D:1      | drugrobin the Demigod Warper began the quest for the Orb.
     0 | D:1      | Reached XP level 1. HP: 17/17 MP: 5/5
    26 | D:1      | Reached skill level 2 in Polearms
   157 | D:1      | Reached XP level 2. HP: 12/24 MP: 7/7
   448 | D:1      | Reached skill level 3 in Polearms
   996 | D:2      | Reached XP level 3. HP: 29/29 MP: 8/8
  1413 | D:2      | Noticed Terence
  1426 | D:2      | Killed Terence
  1427 | D:2      | Reached skill level 4 in Polearms
  1932 | D:2      | Reached XP level 4. HP: 36/36 MP: 9/9
  1936 | D:2      | Learned a level 2 spell: Blink
  2137 | D:2      | Identified the +0 hand axe "Kazaph" {vorpal, rC+}
  3258 | D:2      | Reached skill level 5 in Polearms
  3325 | D:2      | Reached XP level 5. HP: 41/41 MP: 10/10
  4154 | D:3      | You fall into a shaft and drop 2 floors!
  4154 | D:5      | Entered Level 5 of the Dungeon
  4349 | D:5      | Reached skill level 6 in Polearms
  4349 | D:5      | Reached XP level 6. HP: 27/48 MP: 11/11
  5099 | D:4      | Found Ymeloqowy's Jewellery Boutique.
  5132 | D:4      | Noticed Duvessa
  5132 | D:4      | Noticed Dowan
  5283 | D:4      | Found a staircase to the Ecumenical Temple.
  6356 | D:5      | Found the amulet of Vitality {Regen+ HP+15}
  6374 | D:5      | Reached skill level 7 in Polearms
  6790 | D:5      | Reached XP level 7. HP: 46/53 MP: 12/12
  7438 | D:6      | Noticed Pikel
  7580 | D:5      | Reached skill level 8 in Polearms
  7921 | D:6      | Noticed Edmund
  8314 | D:6      | Killed Edmund
  8315 | D:6      | Reached skill level 9 in Polearms
  8762 | D:6      | Killed Pikel
  8763 | D:6      | Reached skill level 10 in Polearms
  8763 | D:6      | Reached XP level 8. HP: 52/60 MP: 13/13
  8953 | D:7      | Noticed Harold
  8988 | D:7      | Killed Harold
  8989 | D:7      | Reached skill level 11 in Polearms
  8997 | D:7      | Reached XP level 9. HP: 64/67 MP: 14/14
  9006 | D:7      | Noticed a gargoyle
  9018 | D:7      | Identified the +11 quarterstaff of the Shining Light
                  | {antimagic, Will+}
  9053 | D:7      | HP: 3/82 [gargoyle/stone arrow (24)]
  9668 | D:7      | Noticed a cyclops
  9690 | D:7      | Killed a cyclops
  9691 | D:7      | Reached skill level 12 in Polearms
  9810 | D:8      | Reached skill level 1 in Evocations
  9821 | D:8      | Learned a level 3 spell: Teleport Other
 10398 | D:8      | Noticed Grum
 10782 | D:8      | Reached XP level 10. HP: 78/78 MP: 5/15
 10818 | D:8      | Noticed Grum
 10818 | D:8      | Grum changed into Grum the wolf
 10825 | D:8      | Killed Grum the wolf
 11736 | D:7      | Slain by a gargoyle

Illustrated notes

Levels and vault maps discovered:
D:1:      heliophobic_arrival_henge, layout_rooms
D:2:      cheibrodos_fertilizer, layout_basic,
          shapermc_ecumenical_altar_totnotflames, hangedman_decor_push,
          nrook_uturn, minmay_misc_feat_roman, minmay_rat_gold_closets,
          uniq_terence
D:3:      layout_loops_ring
D:4:      layout_cave_pods, minmay_temple_entry_tees, serial_column_ruins,
          column_ruins_courtyard_long_water, column_ruins_hut,
          column_ruins_columns_straight, column_ruins_grid_3,
          column_ruins_open_large, column_ruins_open_small,
          column_ruins_open_tiny, serial_shops, shop, uniq_duvessa
D:5:      layout_loops_ring, lemuel_zombie_altar_kikubaaqudgha,
          lemuel_round_altar
D:6:      corexii_shack_village, layout_rooms, uniq_pikel, uniq_edmund
D:7:      nicolae_BIG_FREAKIN_CUBE, layout_layer_cave, kennysheep_doodads,
          uniq_harold
D:8:      minmay_flawed_box, layout_rooms, nicolae_overflow_crystal_walls,
          uniq_grum

Skill      XL: |  1  2  3  4  5  6  7  8  9 10 |
---------------+-------------------------------+-----
Polearms       | 2 3 4 5 6 7 10 11 12 | 12.9
Fighting       | 3 4 |  4.4
Evocations     | 3 |  3.8
Throwing       | |  0.8
Armour         | |  0.8
Dodging        | |  1.7
Spellcasting   | |  1.7
Translocations | |  2.6

Action                   |  1- 3 |  4- 6 |  7- 9 | 10-12 || total
-------------------------+-------+-------+-------+-------++-------
Melee: Spear             |    44 |       |       |       ||    44
       Dagger            |    84 |   100 |    73 |       ||   257
       Whip              |    25 |       |       |       ||    25
       Punch             |     1 |     2 |     4 |       ||     7
       Trident           |       |   135 |   143 |       ||   278
       Quarterstaff      |       |       |   113 |    52 ||   165
 Fire: Hunting sling     |       |    26 |    61 |       ||    87
Throw: Stone             |       |     1 |     2 |       ||     3
       Throwing net      |       |       |     1 |       ||     1
 Cast: Blink             |       |     1 |     6 |     1 ||     8
       Teleport Other    |       |       |     2 |       ||     2
Evoke: Wand              |       |       |       |     1 ||     1
  Use: Scroll            |       |       |     7 |     1 ||     8
       Potion            |       |       |     3 |       ||     3
 Stab: Sleeping          |     3 |     2 |       |     1 ||     6
Armor: Leather armour    |    33 |    41 |    25 |       ||    99
       Skin              |       |       |     9 |       ||     9
       Robe              |       |       |     5 |     2 ||     7
Dodge: Dodged            |    72 |   132 |   157 |    19 ||   380

Table legend: (Time is in decaauts)
 A = Elapsed time spent in this place.
 B = Non-inter-level travel time spent in this place.
 C = Inter-level travel time spent in this place.
 D = Time resting spent in this place.
 E = Time spent auto-exploring this place.
 F = Levels seen in this place.
 G = Mean time per level.
                   A        B        C        D        E       F      G
               +--------+--------+--------+--------+--------+-----+--------+
         Total |  11693 |  11317 |    376 |   3021 |   5783 |   8 | 1461.6 |
       Dungeon |  11693 |  11317 |    376 |   3021 |   5783 |   8 | 1461.6 |
               +--------+--------+--------+--------+--------+-----+--------+

Top non-repeatable levels by time:
     D:2: 2520 daAuts
     D:5: 2283 daAuts
     D:7: 1551 daAuts
     D:4: 1430 daAuts
     D:6: 1262 daAuts
     D:1: 1127 daAuts
     D:8: 1005 daAuts
     D:3: 512 daAuts
